 Dungeon Crawl Stone Soup version 0.23-a0-239-g84a5ed292d (webtiles) character file.

172 Deemzul the Chucker (level 5, -2/45 HPs)
             Began as a Centaur Gladiator on Sept 26, 2018.
             Slain by an orc wizard
             ... wielding a +0 dagger
              (5 damage)
             ... on level 4 of the Dungeon.
             The game lasted 00:03:09 (2453 turns).

Deemzul the Chucker (Centaur Gladiator)             Turns: 2453, Time: 00:03:09

Health: -2/45      AC:  5    Str: 16    XL:     5   Next: 27%
Magic:  5/5        EV: 10    Int: 12    God:
Gold:   192        SH:  0    Dex: 12    Spells: 4/4 levels left

rFire    . . .     SeeInvis .   a - +0 war axe
rCold    . . .     Gourm    +   (no shield)
rNeg     . . .     Faith    .   b - +0 leather armour
rPois    .         Spirit   .   c - +0 helmet
rElec    .         Reflect  .   (no cloak)
rCorr    .         Harm     .   (no gloves)
MR       .....                  (no barding)
Stlth    +.........             p - amulet of the gourmand
HPRegen  0.15/turn              (no ring)
MPRegen  0.09/turn              (no ring)

@: brilliant, slowed
A: large, hooves 3, deformed body, speed 2, tough skin 3
a: no special abilities


You were on level 4 of the Dungeon.
You were hungry.

You visited 1 branch of the dungeon, and saw 4 of its levels.

You collected 192 gold pieces.

Inventory:

Hand Weapons
 a - a +0 war axe (weapon)
Missiles
 d - 3 throwing nets (quivered)
Armour
 b - a +0 leather armour (worn)
 c - a +0 helmet (worn)
 u - a cursed +0 cloak
Jewellery
 p - an amulet of the gourmand (around neck)
Scrolls
 e - a scroll of fog {unknown}
 g - 4 scrolls of remove curse {unknown}
 j - 7 scrolls of identify {unknown}
 l - a scroll of amnesia {unknown}
 m - a scroll of blinking {unknown}
 n - a scroll of teleportation {unknown}
 o - a scroll of immolation {unknown}
 q - a scroll of magic mapping {unknown}
 r - a scroll of fear {unknown}
 s - a scroll of noise {unknown}
Potions
 h - a potion of curing
 i - a potion of cancellation {unknown}
 k - a potion of brilliance
 t - a potion of heal wounds {unknown}
Comestibles
 f - 5 rations


   Skills:
 + Level 3.2 Fighting
 + Level 3.5 Axes
 + Level 3.5 Throwing
 + Level 3.0 Dodging


You had 4 spell levels left.
You didn't know any spells.
Your spell library was empty.

Dungeon Overview and Level Annotations

Branches:
Dungeon (4/15)             Temple (0/1) D:4

Altars:
Zin

Annotations:
D:4 exclusion: oklob sapling


Innate Abilities, Weirdness & Mutations

You have hooves in place of feet.
Armour fits poorly on your strangely shaped body.
You cover ground very quickly.
You have extremely tough skin. (AC +3)


Message History

The orc wizard hits you but does no damage.
The orc wizard barely misses you. The orc wizard hits you with a dagger.
* * * LOW HITPOINT WARNING * * *
The orc wizard hits you but does no damage.
You feel better.
The orc wizard hits you but does no damage.
The orc wizard barely misses you.
The orc wizard gestures wildly while chanting.
The orc wizard flickers and vanishes!
Deactivating autopickup; reactivate with Ctrl-A.
The orc wizard hits you with a dagger.
* * * LOW HITPOINT WARNING * * *
You slash the orc wizard! Your kick misses the orc wizard.
The orc wizard is heavily wounded.
You closely miss something. The orc wizard hits you with a dagger.
* * * LOW HITPOINT WARNING * * *
Something hits you but does no damage. The orc wizard hits you with a dagger.
* * * LOW HITPOINT WARNING * * *
Something hits you.
You die...

..........#####
...............
..............
............##
.............#
.............#
.......o.....#
.......@)....#
......){.....#
....#..........
... ###..#[...#
. #####..## ..#
..# ..


You could see an orc wizard.

Vanquished Creatures
  An orc wizard (D:4)
  An iguana (D:3)
  3 adders (D:2)
  An ooze (D:3)
  4 worms
  A dart slug (D:2)
  An orc (D:4)
  3 ball pythons
  6 bats
  9 giant cockroaches
  4 goblins
  8 hobgoblins
  9 jackals
  A quokka (D:2)
  3 frilled lizards
  4 kobolds
  11 rats
70 creatures vanquished.

Notes
Turn   | Place    | Note
-------+----------+-------------------------------------------
     0 | D:1      | Deemzul the Centaur Gladiator began the quest for the Orb.
     0 | D:1      | Reached XP level 1. HP: 17/17 MP: 1/1
    73 | D:1      | Reached XP level 2. HP: 24/24 MP: 2/2
   758 | D:2      | Reached XP level 3. HP: 29/30 MP: 3/3
  1078 | D:2      | Reached XP level 4. HP: 31/37 MP: 4/4
  1392 | D:2      | You fall through a shaft!
  1411 | D:3      | Found a faded altar of an unknown god.
  2063 | D:3      | Reached XP level 5. HP: 35/45 MP: 5/5
  2298 | D:4      | Found a glowing silver altar of Zin.
  2317 | D:4      | Found a staircase to the Ecumenical Temple.
  2325 | D:4      | Noticed a phantom
  2453 | D:4      | Slain by an orc wizard

Vault maps used:
D:1:      onia_arrival_larder
D:3:      chequers_ecumenical_altar_island, minmay_unequal
D:4:      grunt_temple_overflow_diamond, zin_academy, minmay_temple_entry_oklob,
          first_ration, serial_shops, shop, uniq_crazy_yiuf_cottage

Skill      XL: |  1  2  3  4  5 |
---------------+----------------+-----
Axes           | 3 |  3.5
Throwing       | 3 |  3.5
Fighting       | 3 |  3.2
Dodging        | 3 |  3.0

Action                   |  1- 3 |  4- 6 || total
-------------------------+-------+-------++-------
Melee: War axe           |   100 |    66 ||   166
       Kick              |    21 |    20 ||    41
Throw: Throwing net      |       |     2 ||     2
  Use: Potion            |       |     3 ||     3
  Eat: Chunk             |       |     3 ||     3
Armor: Leather armour    |    51 |    32 ||    83
Dodge: Dodged            |    50 |    42 ||    92

Table legend:
 A = Non-vault XP
 B = Vault XP
 C = Vault XP percentage of total XP
 D = Non-vault monster count
 E = Vault monster count
 F = Vault count percentage of total count
                 A         B        C        D         E       F
            +---------+---------+-------+---------+---------+-------
      Total |     234 |      13 |   5.3 |      61 |       9 |  12.9
            +---------+---------+-------+---------+---------+-------
        D:1 |      14 |      11 |  44.0 |       9 |       8 |  47.1
        D:2 |      91 |       0 |   0.0 |      27 |       0 |   0.0
        D:3 |      86 |       2 |   2.3 |      23 |       1 |   4.2
        D:4 |      43 |       0 |   0.0 |       2 |       0 |   0.0
            +---------+---------+-------+---------+---------+-------
